 Dungeon Crawl Stone Soup version 0.17.0-9-g801d43b (webtiles) character file.

11069 HungrySpirit the Bludgeoner (level 11, -1/119 HPs)
             Began as an Ogre Arcane Marksman on Nov 9, 2015.
             Was an Elder of Okawaru.
             Slain by a crocodile (12 damage)
             ... on level 2 of the Lair of Beasts.
             The game lasted 00:31:51 (17727 turns).

HungrySpirit the Bludgeoner (Ogre Arcane Marksman) Turns: 17727, Time: 00:31:51

Health: -1/119     AC:  6    Str: 21    XL:     11   Next: 72%
Magic:  16/16      EV: 10    Int: 12    God:    Okawaru [****..]
Gold:   736        SH:  0    Dex:  9    Spells: 1 memorised, 11 levels left

rFire  . . .     SeeInvis +     y - +0 dire flail
rCold  . . .     Clarity  .     c - +1 robe
rNeg   . . .     SustAt   .     (shield currently unavailable)
rPois  .         Gourm    .     H - +2 hat
rElec  .         Spirit   .     (no cloak)
rCorr  .         Warding  .     (gloves unavailable)
rMut   .         Stasis   .     (boots unavailable)
MR     +....                    (no amulet)
Stlth  +.........               (no ring)
                                i - ring of see invisible

@: somewhat resistant to hostile enchantments, very unstealthy
A: unfitting armour, talons 1, mutation resistance 1, tough skin 1
a: Heroism, Renounce Religion


You were on level 2 of the Lair of Beasts.
You worshipped Okawaru.
Okawaru was greatly pleased with you.
You were hungry.

You visited 2 branches of the dungeon, and saw 13 of its levels.
You also visited: Labyrinth, Sewer and Ossuary.

You collected 826 gold pieces.
You spent 90 gold pieces at shops.

Inventory:

Hand Weapons
 v - a +0 blowgun
 y - a +0 dire flail (weapon)
 K - a +1 giant spiked club
Missiles
 s - 4 poisoned javelins (quivered)
 F - 15 poisoned needles
Armour
 c - a +1 robe (worn)
 H - a +2 hat (worn)
Rods
 N - a +7 rod of shadows (14/14)
   (You found it in a labyrinth)
Jewellery
 h - an uncursed ring of teleportation
 i - a ring of see invisible (left hand)
 m - an uncursed ring of ice
Wands
 r - a wand of slowing (30)
 u - a wand of magic darts (17)
 B - a wand of enslavement (10)
 E - a wand of confusion (22)
 M - a wand of confusion (22)
 O - a wand of teleportation (4)
 P - a wand of confusion (27)
 Q - a wand of slowing (16)
 R - a wand of frost (21)
 S - a wand of disintegration (17)
 T - a wand of fire (0)
Scrolls
 g - 9 scrolls of teleportation
 l - 7 scrolls of remove curse
 o - 3 scrolls of fear
 q - 2 scrolls of immolation
 w - 7 scrolls of enchant armour
 C - 3 scrolls of fog
Potions
 b - 2 potions of poison
 j - 2 potions of berserk rage
 k - 4 potions of flight
 n - a potion of heal wounds
 p - 3 potions of magic
 t - 2 potions of curing
 x - 5 potions of brilliance
 z - a potion of haste
 A - a potion of cure mutation
 D - 3 potions of ambrosia
 G - a potion of resistance
 J - a potion of agility
Books
 d - a book of Debilitation

   Spells                             Type                      Level
   a - Corona                         Hexes                        1
   b - Slow                           Hexes                        2
   c - Gell's Gravitas                Hexes/Translocation          3
   d - Inner Flame                    Hexes/Fire                   3
   e - Cause Fear                     Hexes                        4
   f - Leda's Liquefaction            Hexes/Earth                  4
Comestibles
 a - 5 meat rations
 e - 11 bread rations
 f - 3 beef jerkies


   Skills:
 + Level 10.8 Fighting
 * Level 17.3 Maces & Flails
 - Level 2.2 Throwing
 - Level 1.7 Dodging
 - Level 1.2 Spellcasting
 - Level 2.1 Hexes
 + Level 7.9 Invocations


You had 11 spell levels left.
You knew the following spells:

 Your Spells              Type           Power        Failure   Level  Hunger
a - Corona                Hex            #......      14%         1    ##.....


Dungeon Overview and Level Annotations

Branches:
Dungeon (11/15)            Temple (0/1) D:6            Lair (2/8) D:9
    Orc (0/4) D:11

Altars:
Dithmenos
Elyvilon
Kikubaaqudgha
Nemelex Xobeh
Okawaru
Qazlal
Ru
Trog
Xom
Yredelemnul
Zin

Shops:
D:7 %

Annotations:
D:6 exclusion: oklob plant
D:8 1 exclusion
D:11 Dustman's ghost, journeyman HuGl


Innate Abilities, Weirdness & Mutations

You are too large for most types of armour.
You have tough skin (AC +1).
You have sharp toenails.
You are somewhat resistant to further mutation.


Message History

The crocodile is moderately wounded.
The crocodile bites you.
* * * LOW HITPOINT WARNING * * *
You closely miss the crocodile.
You claw the crocodile, but do no damage.
The crocodile is moderately wounded.
Unknown command.
You barely miss the crocodile.
You claw the crocodile, but do no damage.
The crocodile is moderately wounded.
The crocodile barely misses you.
Unknown command.
You closely miss the crocodile. Your kick misses the crocodile.
The crocodile is moderately wounded.
Unknown command.
You closely miss the crocodile.
You claw the crocodile, but do no damage.
The crocodile is moderately wounded.
The crocodile bites you!
You die...

###....P.. .... #......P.. ....
##......... ..... ###
###.......... ..... ##.#
#......)..... ...... #>.######
#............. ......##..##.#.#
##.............
..........##.†###.P......#†.....
...............@t.............#.
...............................#
...........(.....#...........##.
#...........................## #
###........./..............##
#....(............###....#
##.#.........../...#...###
#.####..............#### ##
#...#...........##


You could see a crocodile.

Vanquished Creatures
  A minotaur (Lab)
  The ghost of HungrySpirit the Basher, a novice OgAM of Qazlal (D:6)
  A griffon (Lair:1)
  An elephant (D:9)
  Maurice (D:8)
  4 spiny frogs
  2 gargoyles (D:11)
  2 black mambas
  Sigmund (D:2)
  2 hippogriffs
  A yak (D:9)
  Eustachio (D:6)
  A hungry ghost (D:10)
  Menkaure (Ossuary)
  2 soldier ants (Lair:1)
  Edmund (D:6)
  2 water moccasins
  A porcupine (Lair:2)
  3 orc warriors
  2 phantoms
  2 ice beasts
  A black bear (D:8)
  A necrophage (D:9)
  2 ogres (D:8)
  2 sky beasts
  4 crocodiles
  A big kobold (D:6)
  2 centaurs
  5 giant frogs
  A gnoll sergeant (D:6)
  6 scorpions
  A water moccasin skeleton (D:10)
  5 centaur zombies
  4 crimson imps
  2 giant frog skeletons
  2 centaur skeletons
  8 hounds
  7 orc priests
  Jessica (D:3)
  4 iguanas
  2 jellies
  11 orc wizards
  9 worker ants
  2 sheep
  An ogre zombie (Ossuary)
  A big kobold zombie (Ossuary)
  A hound zombie (D:10)
  6 mummies (Ossuary)
  A hound skeleton (D:8)
  13 adders
  6 river rats (Lair:1)
  6 gnolls
  4 oozes
  An adder skeleton (D:8)
  10 worms
  9 giant geckos
  21 orcs
  11 bats
  10 giant cockroaches
  6 goblins
  7 hobgoblins
  14 jackals
  8 kobolds
  8 quokkas
  A ball python (D:1)
  2 giant gecko skeletons (D:4)
  12 giant newts
  7 goblin zombies (Ossuary)
  4 hobgoblin zombies (Ossuary)
  A jackal skeleton (D:8)
  2 kobold zombies (Ossuary)
  2 orc zombies (Ossuary)
  7 quokka zombies
  15 rats
  2 rat zombies (Ossuary)
315 creatures vanquished.

Vanquished Creatures (others)
  An orc priest (D:8)
  A fungus (Lair:2)
2 creatures vanquished.

Grand Total: 317 creatures vanquished

Notes
Turn   | Place    | Note
--------------------------------------------------------------
     0 | D:1      | HungrySpirit the Ogre Arcane Marksman began the quest for the Orb.
     0 | D:1      | Reached XP level 1. HP: 19/19 MP: 2/2
   331 | D:1      | Reached XP level 2. HP: 25/28 MP: 3/3
   397 | D:1      | Reached skill level 1 in Maces & Flails
   798 | D:1      | Reached XP level 3. HP: 19/36 MP: 4/4
  1183 | D:2      | Reached skill level 3 in Fighting
  1318 | D:2      | Noticed Sigmund
  1330 | D:2      | Killed Sigmund
  1330 | D:2      | Reached skill level 4 in Fighting
  1330 | D:2      | Reached skill level 5 in Maces & Flails
  1330 | D:2      | Reached XP level 4. HP: 34/49 MP: 5/5
  1330 | D:2      | Reached XP level 5. HP: 38/55 MP: 6/6
  1549 | D:2      | Reached XP level 6. HP: 53/63 MP: 7/7
  1650 | D:2      | Found Zin's Purification Station.
  1653 | D:2      | Found a glowing silver altar of Zin.
  1656 | D:2      | Bought a potion of curing for 90 gold pieces
  2118 | D:3      | Noticed Jessica
  2144 | D:3      | Killed Jessica
  2260 | D:3      | Reached skill level 5 in Fighting
  2482 | D:3      | Reached skill level 6 in Maces & Flails
  2739 | D:4      | Found a white marble altar of Elyvilon.
  2951 | D:4      | Found a sacrificial altar of Ru.
  3047 | D:4      | Reached skill level 7 in Maces & Flails
  3390 | D:4      | Reached XP level 7. HP: 52/72 MP: 8/8
  3663 | D:4      | Reached skill level 8 in Maces & Flails
  4277 | D:5      | Entered Level 5 of the Dungeon
  4345 | D:5      | Reached skill level 9 in Maces & Flails
  4588 | D:5      | Found a shadowy altar of Dithmenos.
  4602 | D:5      | Found an iron altar of Okawaru.
  4745 | D:5      | Became a worshipper of Warmaster Okawaru
  4788 | D:5      | Found a sand-covered staircase.
  4804 | Ossuary  | Entered an ossuary
  5067 | Ossuary  | Reached skill level 10 in Maces & Flails
  5067 | Ossuary  | Reached XP level 8. HP: 60/80 MP: 9/9
  5515 | Ossuary  | Noticed Menkaure
  5556 | Ossuary  | Killed Menkaure
  5556 | Ossuary  | Reached skill level 11 in Maces & Flails
  6119 | Ossuary  | Gained mutation: You have sharp toenails. [potion of beneficial mutation]
  6608 | D:6      | Noticed Eustachio
  6902 | D:6      | Killed Eustachio
  6902 | D:6      | Reached skill level 12 in Maces & Flails
  7096 | D:6      | Noticed HungrySpirit's ghost (novice OgAM)
  7117 | D:6      | Killed HungrySpirit's ghost
  7117 | D:6      | Reached * piety under Okawaru
  7117 | D:6      | Reached skill level 13 in Maces & Flails
  7117 | D:6      | Reached XP level 9. HP: 89/89 MP: 10/10
  7202 | D:6      | Gained mutation: You are somewhat resistant to further mutation. [potion of beneficial mutation]
  7203 | D:6      | Found a staircase to the Ecumenical Temple.
  7248 | D:6      | Found a glowing drain.
  7277 | Sewer    | Entered a sewer
  8217 | D:6      | Found a shadowy altar of Dithmenos.
  8217 | D:6      | Noticed an oklob plant
  8322 | D:6      | Noticed Edmund
  8334 | D:6      | Killed Edmund
  8411 | D:6      | Reached ** piety under Okawaru
  8879 | D:7      | Found Leriumu's Food Shop.
  9775 | D:7      | Reached skill level 14 in Maces & Flails
  9915 | D:8      | Noticed a moth of wrath
  9918 | D:8      | Found a bloodstained altar of Trog.
 10048 | D:8      | Found an ancient bone altar of Kikubaaqudgha.
 10048 | D:8      | Found a stormy altar of Qazlal.
 10327 | D:8      | Found a basalt altar of Yredelemnul.
 10327 | D:8      | Noticed Maurice
 10341 | D:8      | Killed Maurice
 10341 | D:8      | Reached XP level 10. HP: 99/104 MP: 13/13
 10421 | D:8      | Found a sparkling altar of Nemelex Xobeh.
 10501 | D:8      | Reached skill level 5 in Invocations
 11070 | D:8      | Found a shimmering altar of Xom.
 11134 | D:8      | Reached *** piety under Okawaru
 11455 | D:9      | Reached skill level 15 in Maces & Flails
 11502 | D:9      | Found a staircase to the Lair.
 11502 | D:9      | Noticed an elephant
 11584 | D:9      | Killed an elephant
 12008 | D:10     | Entered Level 10 of the Dungeon
 12151 | D:10     | Reached **** piety under Okawaru
 13148 | D:11     | Reached skill level 16 in Maces & Flails
 13159 | D:11     | Reached XP level 11. HP: 77/117 MP: 15/15
 13277 | D:11     | Found a staircase to the Orcish Mines.
 13324 | D:11     | Noticed Dustman's ghost (journeyman HuGl)
 13694 | D:11     | Noticed a hill giant
 13900 | Lair:1   | Entered Level 1 of the Lair of Beasts
 13915 | Lair:1   | Found a labyrinth entrance.
 13922 | Lab      | Entered a labyrinth
 14457 | Lab      | Noticed a minotaur
 14467 | Lab      | HP: 3/117 [minotaur/trident (15)]
 14473 | Lab      | Killed a minotaur
 14473 | Lab      | Reached skill level 10 in Fighting
 14854 | Lab      | Identified a +7 rod of shadows (14/14) (You found it in a labyrinth)
 14864 | Lair:1   | Found a basalt altar of Yredelemnul.
 16306 | Lair:1   | Reached ***** piety under Okawaru
 16332 | Lair:1   | Noticed an eight-headed hydra
 16526 | Lair:1   | Reached skill level 17 in Maces & Flails
 16798 | Lair:1   | Noticed a six-headed hydra
 17266 | Lair:2   | Got a fine flail
 17271 | Lair:2   | Identified the +3 flail of Interdependent Arising {freeze, rElec rF++ rC- MR-} (You found it on level 2 of the Lair of Beasts)
 17609 | Lair:2   | Received a gift from Okawaru
 17727 | Lair:2   | Slain by a crocodile

Action                   |  1- 3 |  4- 6 |  7- 9 | 10-12 || total
-------------------------+-------+-------+-------+-------++-------
Melee: Unarmed           |    27 |       |       |       ||    27
       Whip              |    62 |       |       |       ||    62
       Mace              |    45 |   147 |   287 |       ||   479
       Flail             |       |       |   207 |       ||   207
       Dire flail        |       |       |   131 |   422 ||   553
Throw: Large rock        |    16 |    14 |    23 |     4 ||    57
       Throwing net      |     4 |       |       |       ||     4
       Javelin           |       |       |       |     7 ||     7
Invok: Heroism           |       |       |       |     3 ||     3
Evoke: Wand              |       |       |       |     3 ||     3
  Use: Scroll            |       |     6 |    11 |    11 ||    28
       Potion            |       |       |    13 |     8 ||    21
 Stab: Sleeping          |       |     1 |       |       ||     1
       Invisible         |       |       |     5 |     4 ||     9
       Confused          |       |       |       |     1 ||     1
  Eat: Chunk             |     1 |     7 |    20 |    13 ||    41
       Fruit             |       |       |     4 |     4 ||     8
       Pizza             |       |       |       |     3 ||     3
       Royal jelly       |       |       |       |     1 ||     1
